 Dungeon Crawl Stone Soup version 0.25-a0-21-ga5a8db46c7 (webtiles) character file.

Game seed: 5845824175650063330, levelgen mode: deterministic

55 Froggeryz the Cutter (level 4, -4/25 HPs)
             Began as a Kobold Chaos Knight on Oct 16, 2019.
             Was a Plaything of Xom.
             Splashed by Ijyb's acid (17 damage)
             ... on level 3 of the Dungeon.
             The game lasted 00:02:31 (1837 turns).

Froggeryz the Cutter (Kobold Chaos Knight)          Turns: 1837, Time: 00:02:31

Health: -4/25      AC:  5    Str:  9    XL:     4   Next: 14%
Magic:  4/4        EV: 14    Int: 13    God:    Xom [..*...]
Gold:   120        SH:  0    Dex: 17    Spells: 3/3 levels left

rFire    . . .     SeeInvis .   m - +2 dagger (venom)
rCold    . . .     Gourm    .   (shield restricted)
rNeg     . . .     Faith    .   b - +2 leather armour
rPois    .         Spirit   .   n - +0 helmet
rElec    .         Reflect  .   (no cloak)
rCorr    .         Harm     .   p - +0 pair of gloves
MR       .....                  (no boots)
Stlth    +.........             (no amulet)
HPRegen  0.08/turn              o - +2 ring of dexterity
MPRegen  0.09/turn              (no ring)

@: no status effects
A: small, blurry vision 1, carnivore, deformed body, frail 1
a: Renounce Religion


You were on level 3 of the Dungeon.
You worshipped Xom.
You were a toy of Xom.
You were full.

You visited 1 branch of the dungeon, and saw 3 of its levels.

You collected 120 gold pieces.

Inventory:

Hand Weapons
 a - a +0 short sword of chaos
 m - a +2 dagger of venom (weapon)
Armour
 b - a +2 leather armour (worn)
 n - a +0 helmet (worn)
 p - a +0 pair of gloves (worn)
Jewellery
 o - a +2 ring of dexterity (left hand)
Scrolls
 g - 2 scrolls of enchant weapon {unknown}
 h - a scroll of teleportation {unknown}
 i - a scroll of random uselessness {unknown}
 k - 2 scrolls of remove curse {unknown}
Potions
 d - 2 potions of curing
 e - a potion of degeneration {unknown}
 j - 2 potions of might {unknown}
 l - a potion of berserk rage {unknown}
 q - a potion of ambrosia {unknown}
Miscellaneous
 f - a lightning rod (4/4)
Comestibles
 c - 5 rations


   Skills:
 - Level 3.2 Fighting
 * Level 6.2 Short Blades
 - Level 0.7 Armour
 - Level 2.4 Dodging


You had 3 spell levels left.
You didn't know any spells.
Your spell library was empty.

Dungeon Overview and Level Annotations

Branches:
Dungeon (3/15)

Altars:
Fedhas
Gozag
Makhleb
Ru

Annotations:
D:3 Ijyb


Innate Abilities, Weirdness & Mutations

You are small and have problems with some larger weapons.
You are carnivorous and can eat meat at any time.
Scrolls take you a little longer to read.
Armour fits poorly on your strangely shaped body.
You are frail. (-10% HP)


Message History

A rat comes into view.
A rat is nearby!
Found 15 gold pieces.
You hit the rat.
You kill the rat!
No target in view!
No target in view!
Ijyb the Twisted Goblin comes into view.
She is wielding a +5 dagger of draining and carrying a wand of acid (12).
Found a robe.
You see here 15 gold pieces.
Ijyb is nearby!
Ijyb is nearby!
Ijyb shouts!
You hear a shout! x2
Ijyb screams, "Die!"
Found 19 stones.
An orc priest comes into view. It is wielding a +0 short sword.
Ijyb zaps a wand.
The bolt of acid hits you!
You are splashed with acid!
Ouch! That really hurt!
You die...
Xom is highly amused!

#......#
#......#
#......#
#......#
#####.##
#......#
#....$.#
#......#
#...@..#
#......#
#......#
#......#
#...g..#
#...[..#
#..(...#
.......#


You could see Ijyb.

Vanquished Creatures
  2 adders (D:2)
  2 worms (D:2)
  A dart slug (D:1)
  5 bats
  A giant cockroach (D:1)
  6 goblins
  A hobgoblin (D:1)
  3 kobolds
  8 frilled lizards
  2 rats (D:3)
31 creatures vanquished.

Notes
Turn   | Place    | Note
-------+----------+-------------------------------------------
     0 | D:1      | Froggeryz the Kobold Chaos Knight began the quest for the
                  | Orb.
     0 | D:1      | Reached XP level 1. HP: 14/14 MP: 1/1
   129 | D:1      | XOM: mild Pois miscast
   327 | D:1      | XOM: god gift: lightning rod (4/4)
   365 | D:1      | Reached XP level 2. HP: 16/19 MP: 2/2
   632 | D:1      | Reached skill level 5 in Short Blades
   861 | D:2      | Found a burning altar of Makhleb.
   865 | D:2      | Reached XP level 3. HP: 23/23 MP: 3/3
   915 | D:2      | XOM: give mutations
   915 | D:2      | Gained mutation: Scrolls take you a little longer to read.
                  | [Xom's mischief]
   915 | D:2      | Gained mutation: Armour fits poorly on your strangely
                  | shaped body. [Xom's mischief]
   915 | D:2      | Gained mutation: You are frail. (-10% HP) [Xom's mischief]
  1054 | D:2      | XOM: medium Erth miscast
  1338 | D:2      | Found an opulent altar of Gozag.
  1338 | D:2      | Found a sacrificial altar of Ru.
  1488 | D:2      | Found a blossoming altar of Fedhas.
  1538 | D:2      | Reached skill level 6 in Short Blades
  1571 | D:2      | Reached XP level 4. HP: 18/25 MP: 4/4
  1835 | D:3      | Noticed Ijyb
  1837 | D:3      | Splashed by Ijyb's acid

Levels and vault maps discovered:
D:1:      giann_forest_graveyard, layout_basic, minmay_lizard_pond
D:2:      layout_loops_ring, old_standard_altar,
          amethyst_overflow_temple_binary, grunt_ministairs_6, fedhas_altar_2
D:3:      minmay_chambers_of_twos, layout_basic, old_standard_altar,
          gammafunk_ghost_nasty_kobolds, kb_xom_exploding_sheep, uniq_ijyb,
          uniq_natasha

Skill      XL: |  1  2  3 |
---------------+----------+-----
Short Blades   | 5 6 |  6.2
Fighting       | |  3.2
Armour         | |  0.7
Dodging        | |  2.4

Action                   |  1- 3 |  4- 6 || total
-------------------------+-------+-------++-------
Melee: Short sword       |    45 |       ||    45
       Dagger            |    51 |     8 ||    59
  Use: Potion            |     2 |       ||     2
 Stab: Sleeping          |     2 |       ||     2
  Eat: Chunk             |     7 |       ||     7
Armor: Leather armour    |    24 |     2 ||    26
Dodge: Dodged            |    63 |     3 ||    66

Table legend:
 A = Non-vault XP
 B = Vault XP
 C = Vault XP percentage of total XP
 D = Non-vault monster count
 E = Vault monster count
 F = Vault count percentage of total count
                 A         B        C        D         E       F
            +---------+---------+-------+---------+---------+-------
      Total |      70 |       9 |  11.4 |      23 |       8 |  25.8
            +---------+---------+-------+---------+---------+-------
        D:1 |      21 |       6 |  22.2 |      11 |       6 |  35.3
        D:2 |      46 |       3 |   6.1 |       9 |       2 |  18.2
        D:3 |       3 |       0 |   0.0 |       3 |       0 |   0.0
            +---------+---------+-------+---------+---------+-------
